 Dungeon Crawl Stone Soup version 0.22.1-1-ga44c0e5 (webtiles) character file.

59 Fang the Skirmisher (level 4, 0/43 HPs)
             Began as a Gargoyle Berserker on Sept 26, 2018.
             Was a Believer of Trog.
             Slain by a gnoll
             ... wielding a +0 spear
              (7 damage)
             ... on level 3 of the Dungeon.
             The game lasted 00:02:30 (1416 turns).

Fang the Skirmisher (Gargoyle Berserker)            Turns: 1416, Time: 00:02:30

Health: 0/43       AC:  5    Str: 27    XL:     4   Next: 3%
Magic:  4/4        EV: 12    Int:  7    God:    Trog [**....]
Gold:   17         SH:  0    Dex:  9    Spells: 3/3 levels left

rFire    . . .     SeeInvis .   a - +0 hand axe
rCold    . . .     Gourm    .   (no shield)
rNeg     + + .     Faith    .   b - +0 animal skin
rPois    ∞         Spirit   .   (no helmet)
rElec    +         Reflect  .   (no cloak)
rCorr    .         Harm     .   (no gloves)
MR       .....                  (no boots)
Stlth    ..........             (no amulet)
HPRegen  0.14/turn              h - ring of positive energy
MPRegen  0.09/turn              d - ring of stealth

@: berserking (expiring), very quick
A: negative energy resistance 1, electricity resistance, unbreathing,
petrification resistance, rot immunity, AC +3
a: Berserk, Trog's Hand, Renounce Religion


You were on level 3 of the Dungeon.
You worshipped Trog.
Trog was pleased with you.
You were hungry.

You visited 1 branch of the dungeon, and saw 3 of its levels.

You collected 17 gold pieces.

Inventory:

Hand Weapons
 a - a +0 hand axe (weapon)
Armour
 b - a +0 animal skin (worn)
Jewellery
 d - a ring of stealth (right hand)
 f - a +5 ring of evasion
 h - a ring of positive energy (left hand)
Scrolls
 e - 2 scrolls of identify {unknown}
 g - a scroll of remove curse {unknown}
 i - a scroll of random uselessness {unknown}
Comestibles
 c - 5 rations


   Skills:
 + Level 3.7 Fighting
 + Level 3.4 Axes
 + Level 2.7 Armour
 + Level 2.0 Dodging
 + Level 0.5 Stealth


You had 3 spell levels left.
You didn't know any spells.
Your spell library was empty.

Dungeon Overview and Level Annotations

Branches:
Dungeon (3/15)

Altars:


Innate Abilities, Weirdness & Mutations

You are resistant to torment.
Your stone body is resilient. (AC +3)
You are immune to poison.
You resist negative energy. (rN+)
You are resistant to electric shocks. (rElec)
You can survive without breathing.
You are immune to petrification.
You are immune to rotting.


Message History

Unknown command.
A goblin comes into view. It is wielding a club.
The goblin shouts!
The gnoll hits you from afar with a halberd.
* * * LOW HITPOINT WARNING * * *
A kobold comes into view. It is wielding a dagger.
Unknown command.
You feel a strong urge to attack something.
The kobold shouts!
The adder bites you.
* * * LOW HITPOINT WARNING * * *
The gnoll hits you but does no damage.
Unknown command.
You slash the gnoll!
The gnoll is severely wounded.
You closely miss the gnoll. You barely miss the adder.
The gnoll barely misses you. The adder bites you.
* * * LOW HITPOINT WARNING * * *
The gnoll hits you with a spear!
You die...

# .. #.. ## ## .. #.###.
.##.# #.#[.. g.. # #
#####.###g#)# .#.##
#..###...#...##S##r.K..#
.........#......@ggg....
#.<.#.#..###g#..###
##............. #
####.##.####### #.##.#
#.##.# #.##.# #.##.# ..#
.#


You could see 4 gnolls, an adder, a goblin, a kobold and a rat.

Vanquished Creatures
  A gnoll (D:1)
  2 adders
  2 dart slugs (D:1)
  A ball python (D:2)
  2 giant cockroaches (D:1)
  2 goblins
  5 hobgoblins
  6 bats
  2 frilled lizards (D:1)
  5 kobolds
  A rat (D:1)
29 creatures vanquished.

Notes
Turn   | Place    | Note
-------+----------+-------------------------------------------
     0 | D:1      | Fang the Gargoyle Berserker began the quest for the Orb.
     0 | D:1      | Reached XP level 1. HP: 14/14 MP: 1/1
    63 | D:1      | Reached XP level 2. HP: 14/19 MP: 2/2
   345 | D:1      | Reached XP level 3. HP: 8/24 MP: 3/3
  1122 | D:2      | Reached ** piety under Trog
  1409 | D:3      | Reached XP level 4. HP: 29/29 MP: 4/4
  1416 | D:3      | Slain by a gnoll

Skill      XL: |  1  2  3 |
---------------+----------+-----
Axes           | 3 |  3.4
Dodging        | 2 |  2.0
Fighting       | |  3.7
Armour         | |  2.7
Stealth        | |  0.5

Action                   |  1- 3 |  4- 6 || total
-------------------------+-------+-------++-------
Melee: Hand axe          |    85 |     4 ||    89
Invok: Berserk           |     1 |     1 ||     2
 Stab: Sleeping          |     3 |       ||     3
  Eat: Chunk             |     3 |       ||     3
Armor: Animal skin       |    24 |     4 ||    28
Dodge: Dodged            |    81 |     5 ||    86
